 Dungeon Crawl Stone Soup version 0.31-a0-672-g7da72447bb (webtiles) character file.

Game seed: 11028269224431420150

472 Dirtsage the Changeling (level 6, -3/43 HPs)
             Began as a Demonspawn Shapeshifter on Sept 4, 2023.
             Slain by Pikel
             ... wielding a +2 whip of flaming
              (7 damage)
             ... on level 4 of the Dungeon.
             The game lasted 00:06:00 (4080 turns).

Dirtsage the Changeling (Demonspawn Shapeshifter)   Turns: 4080, Time: 00:06:01

Health: -3/43      AC: 10    Str: 16    XL:     6   Next: 83%
Magic:  6/6        EV:  4    Int: 11    God:
Gold:   289        SH:  0    Dex: 13    Spells: 5/5 levels left

rFire   . .          .
                       - Unarmed
rCold   . . .        (no shield)
rNeg    . . .        m - +0 plate armour
rPois   .            (helmet currently unavailable)
rElec   .            (cloak currently unavailable)
rCorr   .            (gloves currently unavailable)
SInv    .            (boots currently unavailable)
Will    .....        (no amulet) Stlth
                     (no ring)
HPRegen 0.27/turn    (no ring)
MPRegen 0.10/turn

%: no passive effects
@: beast-form
A: beast (slay +3), claws 1, foul stench 1, powered by pain 1, weakness stinger
1
a: Begin Untransformation


You were on level 4 of the Dungeon.
You were a hulking beast.
You visited 1 branch of the dungeon, and saw 4 of its levels.

You collected 289 gold pieces.

Inventory:

Armour
 a - a +0 animal skin
 f - a +0 kite shield
 m - a +0 plate armour (worn)
 p - a +0 helmet
Jewellery
 q - a +6 ring of intelligence
Talismans
 c - a beast talisman (active)
 d - a flux talisman
 k - a beast talisman (active)
Scrolls
 g - a scroll of vulnerability
 l - 5 scrolls of identify {unknown}
 n - 2 scrolls of revelation {unknown}
 o - a scroll of teleportation {unknown}
 r - 2 scrolls of immolation {unknown}
Potions
 b - a potion of heal wounds {unknown}
 e - a potion of invisibility
 h - a potion of ambrosia {unknown}
 i - a potion of cancellation {unknown}
 j - a potion of enlightenment


   Skills:
 - Level 1.0 Fighting
 - Level 1.7 Dodging
 + Level 4.6 Unarmed Combat
 * Level 5.6 Shapeshifting


You had 5 spell levels left.
You didn't know any spells.
Your spell library contained the following spells:

 Spells                   Type           Power      Damage    Failure   Level
 Magic Dart               Conj           0%         1d3       100%        1
 Searing Ray              Conj           0%         2d4       100%        2
 Animate Dead             Necr           0%         N/A       100%        4
 Fulminant Prism          Conj/Hex       0%         3d5       100%        4
 Vhi's Electric Charge    Tloc/Air       0%         N/A       100%        4
 Arcjolt                  Conj/Air       0%         1d10      100%        5
 Haunt                    Necr/Summ      0%         N/A       100%        7
 Infestation              Necr           0%         N/A       100%        8
 Maxwell's Capacitive Co  Air            0%         ∞         100%        8


Dungeon Overview and Level Annotations

Branches:
Dungeon (4/15)             Temple (0/1) D:4

Altars:

Annotations:
D:4 Pikel


Innate Abilities, Weirdness & Mutations

You are a hulking beast.
Your limbs bulge with bestial killing power. (Slay +3)
You have sharp fingernails.
You may rarely emit foul miasma when damaged in melee.
You sometimes gain a little power by taking damage.
You have a small tail.


Message History

Something hits you but does no damage.
You scratch something. Something completely misses you.
You miss something. Something hits you but does no damage.
You scratch something. Something hits you but does no damage.
You completely miss something. You barely miss something.
Your tail-slap misses something.
Your claw misses something. Something hits you but does no damage.
You claw something!
Reactivating autopickup.
You feel a bit more experienced.
Things that are here:
a +0 dagger; a +0 robe; an orc corpse Pikel is nearby!
You regained 3 hp, and now have 31/43 hp.
A lemure comes into view.
The lemure shouts!
You scratch Pikel.
Pikel is lightly wounded.
Pikel hits you with a +2 whip of flaming.
Pikel burns you.
A lemure comes into view.
You take 5 damage, and have 27/43 hp.
The lemure shouts!
You scratch Pikel.
Pikel is lightly wounded.
Pikel hits you with a +2 whip of flaming!
Pikel burns you.
You take 12 damage, and have 15/43 hp.
MASSIVE DAMAGE!!
You barely miss Pikel.
Pikel is lightly wounded.
Pikel hits you with a +2 whip of flaming!
* * * LOW HITPOINT WARNING * * *
Pikel burns you.
* * * LOW HITPOINT WARNING * * *
You take 11 damage, and have 4/43 hp.
MASSIVE DAMAGE!!
You claw Pikel!
Pikel is moderately wounded.
Pikel hits you with a +2 whip of flaming!
You die...
Pikel says, "See you in Hell!"

#.....###'###P..♣....P.♣PP.PP♣
#
##....#..[..#P..♣.....♣.PP.PP♣
##
##...#.....#P♣PP...⌠........♣
.##
##..'.....#P..♣......PPP.PP♣
..##
####.....#PPP.......♣PP.PP♣
...## #.....#P.P♣....P.♣♣♣.P♣
....## ############)########'#
.....# ##.........)......##.#
###..## #....Kh..)...........#
#
##..####.5.5...............###
##......................###
#.....#................##
#.....###.............### ##
.5.....#
##...........#########.
K5......#
##.......###..#.......
......... ##....###
##......... .......... ##
##........


You could see Pikel and 2 lemures.

Vanquished Creatures
  Sigmund (D:2)
  2 lemures (D:4)
  2 orc priests (D:4)
  An iguana (D:4)
  2 orc wizards (D:4)
  Robin (D:4)
  3 gnolls (D:2)
  5 adders
  4 worms (D:2)
  2 dart slugs (D:1)
  4 orcs
  5 bats
  6 endoplasms
  5 giant cockroaches
  19 goblins
  6 hobgoblins
  3 jackals (D:4)
  5 kobolds
  2 quokkas (D:1)
  4 ball pythons
  5 rats
87 creatures vanquished.

Notes
Turn   | Place    | Note
-------+----------+-------------------------------------------
     0 | D:1      | Dirtsage the Demonspawn Shapeshifter began the quest for
                  | the Orb.
     0 | D:1      | Reached XP level 1. HP: 15/15 MP: 1/1
   177 | D:1      | Reached skill level 3 in Shapeshifting
   209 | D:1      | Discovered your monstrous ancestry.
   209 | D:1      | Gained mutation: You have a small tail. [demonic ancestry]
   209 | D:1      | Reached XP level 2. HP: 16/21 MP: 2/2
   885 | D:1      | Gained mutation: You have sharp fingernails. [demonic
                  | ancestry]
   885 | D:1      | Reached XP level 3. HP: 19/26 MP: 3/3
  1607 | D:2      | Found a faded altar of an unknown god.
  1674 | D:2      | Gained mutation: You may rarely emit foul miasma when
                  | damaged in melee. [demonic ancestry]
  1674 | D:2      | Reached XP level 4. HP: 24/32 MP: 4/4
  1782 | D:2      | Reached skill level 4 in Shapeshifting
  1865 | D:2      | Noticed Sigmund
  1877 | D:2      | Killed Sigmund
  1878 | D:2      | Reached XP level 5. HP: 37/37 MP: 5/5
  2532 | D:2      | Gained mutation: You sometimes gain a little power by
                  | taking damage. [demonic ancestry]
  2532 | D:2      | Reached XP level 6. HP: 31/43 MP: 6/6
  2754 | D:3      | Reached skill level 5 in Shapeshifting
  3318 | D:4      | Noticed Pikel
  3481 | D:4      | Found a staircase to the Ecumenical Temple.
  3540 | D:4      | Noticed Robin
  3553 | D:4      | Killed Robin
  4080 | D:4      | Slain by Pikel

Illustrated notes

Levels and vault maps discovered:
D:1:      psy_arrival_spokes, layout_basic, roderic_lattice_a,
          minmay_tree_intersection
D:2:      layout_basic, shapermc_ecumenical_altar_mp_ritualfount, basic_altar,
          uniq_sigmund
D:3:      layout_loops_cross
D:4:      layout_cave_pods, temple_fountains, serial_park,
          serial_park_tiny_pond, serial_park_central
          [serial_park_minivault_5x5_8, serial_park_minivault_5x5_8],
          serial_park_square1 [serial_park_minivault_5x5_5], uniq_pikel,
          uniq_robin

Skill      XL: |  1  2  3  4  5  6 |
---------------+-------------------+-----
Shapeshifting  | 3 4 5 |  5.6
Unarmed Combat | 3 4 |  4.6
Fighting       | |  1.0
Dodging        | |  1.7

Action                     |  1- 3 |  4- 6 || total
---------------------------+-------+-------++-------
  Melee: Unarmed           |    90 |   142 ||   232
         Tailslap          |     7 |    22 ||    29
         Punch             |     1 |     6 ||     7
    Use: Potion            |       |     3 ||     3
         Scroll            |       |     1 ||     1
   Stab: Sleeping          |     1 |     1 ||     2
 Armour: Animal skin       |    34 |    17 ||    51
         Skin              |       |     5 ||     5
         Plate armour      |       |    88 ||    88
  Dodge: Dodged            |    46 |    34 ||    80

Table legend: (Time is in decaauts)
 A = Elapsed time spent in this place.
 B = Non-inter-level travel time spent in this place.
 C = Inter-level travel time spent in this place.
 D = Time resting spent in this place.
 E = Time spent auto-exploring this place.
 F = Levels seen in this place.
 G = Mean time per level.
                   A        B        C        D        E       F      G
               +--------+--------+--------+--------+--------+-----+--------+
         Total |   4061 |   3917 |    144 |    572 |   2798 |   4 | 1015.2 |
       Dungeon |   4061 |   3917 |    144 |    572 |   2798 |   4 | 1015.2 |
               +--------+--------+--------+--------+--------+-----+--------+

Top non-repeatable levels by time:
     D:2: 1531 daAuts
     D:1: 1134 daAuts
     D:4: 811 daAuts
     D:3: 584 daAuts
